 Dungeon Crawl Stone Soup version 0.22.1-1-ga44c0e5 (webtiles) character file.

4680 brandon the Fighter (level 10, -1/93 HPs)
             Began as a Minotaur Berserker on Oct 2, 2018.
             Was a High Priest of Trog.
             Succumbed to Erica's bolt of poison
             ... on level 9 of the Dungeon.
             The game lasted 00:20:53 (8045 turns).

brandon the Fighter (Minotaur Berserker)            Turns: 8045, Time: 00:20:54

Health: -1/93      AC: 19    Str: 25    XL:     10   Next: 21%
Magic:  9/9        EV: 11    Int:  4    God:    Trog [*****.]
Gold:   482        SH:  0    Dex: 13    Spells: 9/9 levels left

rFire    . . .     SeeInvis .   y - +0 battleaxe
rCold    . . .     Gourm    .   (shield currently unavailable)
rNeg     + . .     Faith    .   z - +0 plate armour
rPois    .         Spirit   .   (helmet restricted)
rElec    .         Reflect  .   b - +0 cloak
rCorr    .         Harm     .   e - +1 pair of gloves {Str+3}
MR       .....                  j - +0 pair of boots
Stlth    ..........             (no amulet)
HPRegen  0.25/turn              A - ring of positive energy
MPRegen  0.11/turn              (no ring)

@: confused, lethally poisoned (-1 -> -22), berserk cooldown, slowed, very slow
A: retaliatory headbutt, horns 2
a: Berserk, Trog's Hand, Brothers in Arms, Renounce Religion


You were on level 9 of the Dungeon.
You worshipped Trog.
Trog was extremely pleased with you.
You were not hungry.

You visited 1 branch of the dungeon, and saw 9 of its levels.

You collected 482 gold pieces.

Inventory:

Hand Weapons
 a - a +0 hand axe
 y - a +0 battleaxe (weapon)
Armour
 b - a +0 cloak (worn)
 e - a +1 pair of gloves of strength (worn)
 j - a +0 pair of boots (worn)
 z - a +0 plate armour (worn)
Jewellery
 A - a ring of positive energy (left hand)
 C - an uncursed amulet of regeneration {unknown}
Scrolls
 d - 8 scrolls of identify {unknown}
 f - 4 scrolls of remove curse
 g - 5 scrolls of enchant armour {unknown}
 i - 4 scrolls of fog {unknown}
 k - 2 scrolls of amnesia {unknown}
 l - 7 scrolls of teleportation {unknown}
 o - 2 scrolls of random uselessness {unknown}
 t - 2 scrolls of immolation {unknown}
 x - 2 scrolls of noise {unknown}
 B - a scroll of enchant weapon {unknown}
 D - a scroll of fear {unknown}
 F - a scroll of magic mapping {unknown}
Potions
 h - 2 potions of curing {unknown}
 m - a potion of magic
 n - 2 potions of resistance {unknown}
 p - 2 potions of might {unknown}
 q - a potion of flight {unknown}
 r - 3 potions of cancellation {unknown}
 s - 2 potions of invisibility {unknown}
 u - a potion of brilliance {unknown}
 v - 3 potions of haste {unknown}
 w - 2 potions of degeneration {unknown}
 E - a potion of heal wounds {unknown}
Comestibles
 c - 14 rations
 G - 2 chunks of flesh


   Skills:
 + Level 10.0 Fighting
 - Level 6.7(7.7) Axes
   Level 5.6(7.1) Maces & Flails
 + Level 9.5 Armour
 + Level 8.7 Dodging


You had 9 spell levels left.
You didn't know any spells.
Your spell library contained the following spells:

 Spells                   Type           Power        Failure   Level  Hunger
 Confusing Touch          Hex            #.....       99%         1    ##.....
 Confuse                  Hex            #.......     100%        3    ####...
 Gell's Gravitas          Tloc           #.........   100%        3    ####...
 Petrify                  Tmut/Erth      #.......     100%        4    #####..
 Metabolic Englaciation   Hex/Ice        #.........   100%        5    ######.
 Yara's Violent Unravell  Hex/Tmut       #.........   100%        5    ######.


Dungeon Overview and Level Annotations

Branches:
Dungeon (9/15)             Temple (0/1) D:6
   Lair: D:8-11         Orc: D:9-12

Altars:
Ashenzari
Dithmenos
Gozag
Hepliaklqana
Nemelex Xobeh
Okawaru
Qazlal
Ru
Sif Muna
Trog
Wu Jian
Xom
Yredelemnul
The Shining One

Annotations:
D:3 2 transporters
D:9 Erica


Innate Abilities, Weirdness & Mutations

You reflexively headbutt those who attack you in melee.
You have a pair of horns on your head.


Message History

Erica gestures at you while chanting. The bolt of poison hits you!
You are more poisoned.
You feel sick.
You're too confused to move!
You feel sick.
Erica hits you with a scimitar of flaming.
* * * LOW HITPOINT WARNING * * *
Erica burns you.
* * * LOW HITPOINT WARNING * * *
Erica casts a spell at you. The bolt of poison hits you!
You are lethally poisoned!
* * * LOW HITPOINT WARNING * * *
You're too confused!
You bump into the rock wall.
* * * LOW HITPOINT WARNING * * *
You feel very sick. Erica hits you but does no damage.
You're too confused to move!
You die...

######### #.......#
#.......# #.......### ##
#.........## ..#
#.......#..# ...#
#.......##.# ....# ####
#......(##.##.....#
.>.####.......##@@h.....#
##...รท........#####.....#
######.......# +####
##.###### #.# #.# ### #.#
..# .# ..#


You could see Erica and a hound.

Vanquished Creatures
  A two-headed ogre (D:9)
  A spriggan (D:7)
  A hungry ghost (D:8)
  A water moccasin (D:7)
  2 orc warriors
  2 sky beasts
  An ice beast (D:4)
  2 phantoms
  An eye of draining (D:9)
  3 centaurs
  2 ogres
  4 big kobolds
  3 bullfrogs
  A wyvern zombie (D:8)
  2 scorpions
  3 wights (D:9)
  3 howler monkeys
  5 crimson imps
  A bullfrog zombie (D:6)
  5 hounds
  8 orc priests
  3 centaur skeletons
  A bullfrog skeleton (D:5)
  2 jellies
  9 orc wizards
  An iguana (D:9)
  6 worker ants
  A killer bee zombie (D:8)
  4 hound zombies
  A worker ant zombie (D:9)
  14 adders
  3 gnolls (D:5)
  2 oozes
  An adder skeleton (D:4)
  5 worms
  4 dart slugs
  3 leopard geckos
  45 orcs
  14 giant cockroaches
  5 goblins
  11 hobgoblins
  15 jackals
  24 kobolds
  4 quokkas
  5 ball pythons
  9 bats
  6 frilled lizards
  6 rats
256 creatures vanquished.

Notes
Turn   | Place    | Note
-------+----------+-------------------------------------------
     0 | D:1      | brandon the Minotaur Berserker began the quest for the Orb.
     0 | D:1      | Reached XP level 1. HP: 19/19 MP: 0/0
   327 | D:1      | Reached XP level 2. HP: 25/27 MP: 1/1
   438 | D:1      | Reached skill level 4 in Fighting
  1091 | D:2      | Reached XP level 3. HP: 33/33 MP: 2/2
  1211 | D:2      | Reached ** piety under Trog
  1423 | D:2      | Reached XP level 4. HP: 36/40 MP: 3/3
  1685 | D:2      | Found a deep blue altar of Sif Muna.
  1724 | D:2      | Reached skill level 5 in Axes
  1725 | D:2      | Found a shattered altar of Ashenzari.
  2231 | D:3      | Reached XP level 5. HP: 36/47 MP: 4/4
  2328 | D:3      | Found an iron altar of Okawaru.
  2449 | D:3      | Found a transporter.
  2517 | D:3      | Found a transporter.
  2523 | D:3      | Reached *** piety under Trog
  2834 | D:3      | HP: 3/70 [adder (1)]
  2840 | D:3      | HP: 1/47 [poisoned by kobold (curare-tipped needle)]
  3326 | D:3      | Found a basalt altar of Yredelemnul.
  3336 | D:3      | Found a bloodstained altar of Trog.
  3501 | D:4      | Noticed a phantom
  3544 | D:4      | Killed a phantom
  3544 | D:4      | Reached skill level 5 in Fighting
  3544 | D:4      | Reached XP level 6. HP: 45/56 MP: 5/5
  3590 | D:4      | Noticed an ice beast
  3633 | D:4      | Killed an ice beast
  4024 | D:4      | Reached XP level 7. HP: 55/61 MP: 6/6
  4188 | D:5      | Entered Level 5 of the Dungeon
  4206 | D:5      | Reached skill level 1 in Maces & Flails
  4343 | D:5      | Reached **** piety under Trog
  4343 | D:5      | Reached skill level 5 in Armour
  4471 | D:5      | Reached skill level 6 in Fighting
  4632 | D:6      | Reached XP level 8. HP: 67/70 MP: 7/7
  4634 | D:6      | Reached skill level 5 in Dodging
  4850 | D:6      | Reached skill level 5 in Maces & Flails
  4968 | D:6      | Found a staircase to the Ecumenical Temple.
  5227 | D:6      | Reached ***** piety under Trog
  5236 | D:6      | Reached skill level 7 in Fighting
  5786 | D:7      | Reached XP level 9. HP: 76/80 MP: 8/8
  5799 | D:7      | Found a sparkling altar of Nemelex Xobeh.
  5919 | D:7      | Found a sacrificial altar of Ru.
  5943 | D:7      | Reached skill level 8 in Fighting
  6350 | D:7      | Found a shimmering altar of Xom.
  6350 | D:7      | Found an ornate altar of the Wu Jian Council.
  6355 | D:7      | Found a shadowy altar of Dithmenos.
  6361 | D:7      | Found a glowing golden altar of the Shining One.
  6363 | D:7      | Found an opulent altar of Gozag.
  6689 | D:8      | Found a stormy altar of Qazlal.
  6831 | D:8      | Found a sacrificial altar of Ru.
  6956 | D:8      | Reached skill level 9 in Fighting
  7468 | D:9      | Noticed a two-headed ogre
  7480 | D:9      | Killed a two-headed ogre
  7480 | D:9      | Reached XP level 10. HP: 92/92 MP: 3/9
  7551 | D:9      | Found a hazy altar of Hepliaklqana.
  7785 | D:9      | Found an ornate altar of the Wu Jian Council.
  7906 | D:9      | Reached skill level 10 in Fighting
  8030 | D:9      | Noticed Erica
  8044 | D:9      | HP: 2/93 [poisoned by Erica (bolt of poison)]
  8045 | D:9      | Succumbed to Erica's bolt of poison

Skill      XL: |  1  2  3  4  5  6  7  8  9 10 |
---------------+-------------------------------+-----
Fighting       | 4 5 6 7 9 10 | 10.0
Axes           | 4 5 6 |  6.7
Armour         | 3 4 5 7 9 |  9.5
Dodging        | 3 4 6 8 |  8.7
Maces & Flails | 3 5 |  5.6

Action                   |  1- 3 |  4- 6 |  7- 9 | 10-12 || total
-------------------------+-------+-------+-------+-------++-------
Melee: Hand axe          |    68 |   151 |     1 |       ||   220
       Headbutt          |    10 |    23 |    59 |     9 ||   101
       Flail             |       |       |   137 |       ||   137
       Battleaxe         |       |       |   155 |    38 ||   193
Invok: Berserk           |       |     4 |     6 |     2 ||    12
  Use: Potion            |       |     3 |       |       ||     3
       Scroll            |       |     2 |     1 |       ||     3
  Eat: Chunk             |     2 |     8 |    15 |     2 ||    27
       Ration            |       |     1 |     3 |       ||     4
Armor: Animal skin       |     3 |       |       |       ||     3
       Leather armour    |     8 |    51 |    52 |       ||   111
       Skin              |       |     5 |       |       ||     5
       Plate armour      |       |       |    86 |    22 ||   108
Dodge: Dodged            |    51 |   110 |   203 |    29 ||   393
